 Dungeon Crawl Stone Soup version 0.27-a0-1196-g3e9cee4cb2 (webtiles) character file.

Game seed: 2666356541426385314

23963 Essalna the Fighter (level 13, 0/103 HPs)
             Began as a Djinni Venom Mage on May 27, 2021.
             Was a High Priest of Makhleb.
             Slain by a cane toad (13 damage)
             ... on level 4 of the Lair of Beasts.
             The game lasted 00:41:39 (18614 turns).

Essalna the Fighter (Djinni Venom Mage)            Turns: 18614, Time: 00:41:39

Health: 0/103      AC:  8    Str:  7    XL:     13   Next: 39%
Gold:   1815       EV: 20    Int: 23    God:    Makhleb [*****.] SH: 12 Dex: 19

rFire    + + .     SeeInvis .   s - +1 whip (elec)
rCold    x . .     Faith    .   u - +1 buckler
rNeg     . . .     Spirit   .   S - +0 robe {Will+}
rPois    ∞         Reflect  +   N - +0 helmet
rElec    .         Harm     .   Q - +0 cloak
rCorr    .         Rampage  .   b - +2 pair of gloves
Will     ++...                  (boots unavailable)
Stlth    ++........             F - amulet of reflection
HPRegen  0.27/turn              D - +6 ring of dexterity
MPRegen  0.00/turn              x - +4 ring of evasion

@: flying
A: sickness immunity, fire resistance 2, cold vulnerability 1, float, innate
caster, hp casting, extra vitality 1
a: Renounce Religion, Minor Destruction, Lesser Servant of Makhleb, Major
Destruction, Greater Servant of Makhleb


You were on level 4 of the Lair of Beasts.
You worshipped Makhleb.
Makhleb was extremely pleased with you.
You visited 3 branches of the dungeon, and saw 15 of its levels.

You collected 1815 gold pieces.

Inventory:

Hand Weapons
 s - a +1 whip of electrocution (weapon)
Missiles
 k - 6 throwing nets
 B - 6 atropa-tipped darts
 I - a curare-tipped dart
Armour
 a - a +0 robe
 b - a +2 pair of gloves (worn)
 u - a +1 buckler (worn)
 N - a +0 helmet (worn)
 Q - a +0 cloak (worn)
 S - a +0 robe of willpower (worn)
Magical Staves
 f - a staff of death
 L - a staff of air
Jewellery
 j - a ring of wizardry
 m - an amulet of guardian spirit
 n - a ring of resist corrosion
 x - a +4 ring of evasion (right hand)
 D - a +6 ring of dexterity (left hand)
 F - an amulet of reflection (around neck)
Wands
 l - a wand of polymorph (42)
 q - a wand of flame (10)
 t - a wand of paralysis (16)
 w - a wand of acid (19)
 J - a wand of mindburst (9)
 K - a wand of iceblast (16)
Scrolls
 c - 5 scrolls of magic mapping
 d - 8 scrolls of teleportation
 e - a scroll of acquirement
 g - 3 scrolls of fog
 i - 17 scrolls of identify
 y - 2 scrolls of brand weapon
 C - 2 scrolls of silence {unknown}
 E - 3 scrolls of blinking {unknown}
 P - 2 scrolls of noise {unknown}
 R - a scroll of holy word
Potions
 h - a potion of berserk rage
 o - 4 potions of curing
 p - 3 potions of might {unknown}
 r - a potion of mutation
 v - 3 potions of flight
 z - a potion of brilliance {unknown}
 A - a potion of cancellation {unknown}
 G - 4 potions of heal wounds {unknown}
 H - 4 potions of attraction {unknown}
 M - a potion of experience {unknown}
 O - 3 potions of ambrosia {unknown}


   Skills:
 + Level 13.4 Fighting
 - Level 6.0 Armour
 - Level 7.0 Dodging
 - Level 1.5 Stealth
 - Level 4.0 Shields
 + Level 11.0 Spellcasting


You had one spell level left.
You knew the following spells:

 Your Spells              Type           Power      Damage    Failure   Level
a - Sting                 Tmut/Pois      100%       1d8       1%          1
b - Poisonous Vapours     Pois/Air       100%       N/A       1%          2
c - Mephitic Cloud        Conj/Pois/Air  58%        N/A       1%          3
d - Ignite Poison         Fire/Tmut/Pois 58%        N/A       1%          3
e - Olgreb's Toxic Radia  Pois           58%        N/A       1%          4
f - Sandblast             Erth           100%       2d20      1%          1
g - Call Imp              Summ           58%        N/A       1%          2
h - Conjure Flame         Conj/Fire      58%        6-21      1%          3
i - Ice Form              Ice/Tmut       58%        N/A       1%          4
j - Agony                 Necr           58%        N/A       1%          5
k - Bolt of Magma         Conj/Fire/Erth 29%        4d13      1%          5
Your spell library was empty.

Dungeon Overview and Level Annotations

Branches:
Dungeon (10/15)            Temple (1/1) D:4            Lair (4/6) D:10
  Swamp (0/4) Lair:4       Spider (0/4) Lair:3
    Orc: D:9-12

Altars:
Ashenzari
Cheibriados
Dithmenos
Elyvilon
Fedhas
Hepliaklqana
Makhleb
Nemelex Xobeh
Okawaru
Trog
Vehumet
Wu Jian
Zin
The Shining One

Shops:
D:5 [

Annotations:
D:4 Duvessa
Lair:1 exclusion: oklob plant
Lair:4 1 runed translucent door


Innate Abilities, Weirdness & Mutations

You are immune to sickness and miasma.
You are immune to poison.
Your flesh is very heat resistant. (rF++)
You are vulnerable to cold. (rC-)
You float through the air rather than walking.
You learn spells naturally, not from books.
Your magical power is your life essence.
You have superior vitality. (+4 HP)


Message History

The cane toad stings you but does no damage.
Casting: Bolt of Magma (dangerous; 1% risk of failure)
Confirm with . or Enter, or press ? or * to list all spells.
Aiming: Bolt of Magma (dangerous; 1% risk of failure)
Press: ? - help, Shift-Dir - straight line, f/p - komodo dragon
Aim: a komodo dragon (severely wounded, 79% to hit)
The bolt of magma hits the komodo dragon!!
You kill the komodo dragon!
Makhleb accepts your kill. You block the cane toad's attack.
Casting: Bolt of Magma (dangerous; 1% risk of failure)
Confirm with . or Enter, or press ? or * to list all spells.
Aiming: Bolt of Magma (dangerous; 1% risk of failure)
Press: ? - help, Shift-Dir - straight line, f - wraith
Aim: a wraith (71% to hit)
The bolt of magma misses the wraith.
The cane toad stings you!
* * * LOW HITPOINT WARNING * * *
You block the wraith's attack.
Casting: Bolt of Magma (dangerous; 1% risk of failure)
Confirm with . or Enter, or press ? or * to list all spells.
Aiming: Bolt of Magma (dangerous; 1% risk of failure)
Press: ? - help, Shift-Dir - straight line, f/p - wraith
Aim: a wraith (71% to hit)
The bolt of magma hits the wraith!!
You destroy the wraith!
Makhleb accepts your kill.
You feel better.
* * * LOW HITPOINT WARNING * * *
The cane toad misses you.
Your Spellcasting skill increases to level 11!
Casting: Bolt of Magma (dangerous; 1% risk of failure)
Confirm with . or Enter, or press ? or * to list all spells.
Aiming: Bolt of Magma (dangerous; 1% risk of failure)
Press: ? - help, Shift-Dir - straight line, f - cane toad
Aim: a cane toad (75% to hit)
The bolt of magma hits the cane toad!!
The cane toad is almost dead.
* * * LOW HITPOINT WARNING * * *
The cane toad stings you!
You die...

..........#. ... ♣♣♣
........... ....
#.........##....
#......†........
#...#...^.......
##.........# ... ♣♣
#...####.)###.... ♣P
#..#####†#P....< ♣♣.
##.......@....... ♣..
#.........F...>.. ♣♣.
##............... ♣.
#................ ♣♣
#......#..#......
#.#....#####......
###............... ..♣
#......#.....(.... ....
##.........................


You could see a cane toad.

Vanquished Creatures
  Josephine (Lair:4)
  4 hydras
  Erolcha (D:9)
  A boulder beetle (Lair:4)
  An elephant (D:10)
  A torpor snail (Lair:4)
  Joseph (D:7)
  5 cane toads
  Maggie (D:8)
  A kobold demonologist (D:9)
  9 komodo dragons
  A troll (D:10)
  A hornet (D:8)
  Prince Ribbit (D:7)
  2 redbacks (Lair:3)
  A basilisk (D:10)
  7 wraiths
  47 yaks
  A steam dragon (D:7)
  5 water moccasins
  2 orc warriors
  A hornet zombie (D:7)
  3 black bears
  A sky beast (D:6)
  An ogre (D:6)
  9 wolves (Lair:1)
  2 centaurs
  2 phantoms
  A wyvern zombie (D:7)
  A kobold brigand (D:8)
  8 bullfrogs
  3 gnoll sergeants
  3 scorpions
  Dowan (D:4)
  4 wights (D:8)
  8 killer bees (D:9)
  2 howler monkeys (D:10)
  A bullfrog zombie (D:6)
  2 orc priests
  2 hounds (D:6)
  A jelly (D:5)
  A centaur skeleton (D:6)
  3 orc wizards (D:9)
  9 hell rats
  A killer bee zombie (D:7)
  16 gnolls
  3 howler monkey zombies
  17 river rats
  8 adders
  2 shadow imps (D:6)
  3 ufetubi (D:5)
  2 adder skeletons (D:4)
  2 worms
  3 dart slugs
  25 orcs
  2 bats
  6 endoplasms
  4 giant cockroaches
  3 goblins
  6 hobgoblins
  3 jackals (D:5)
  11 quokkas
  9 ball pythons
  2 frilled lizards (D:1)
  9 kobolds
  18 rats
318 creatures vanquished.

Vanquished Creatures (collateral kills)
  A phantom (D:5)
  A jelly (D:3)
  A white imp (D:6)
3 creatures vanquished.

Vanquished Creatures (others)
  A kobold (D:8)
  13 fungi
  14 plants
  6 toadstools (Lair:4)
34 creatures vanquished.

Grand Total: 355 creatures vanquished

Notes
Turn   | Place    | Note
-------+----------+-------------------------------------------
     0 | D:1      | Essalna the Djinni Venom Mage began the quest for the Orb.
     0 | D:1      | Reached XP level 1. HP: 15/15 MP: 0/0
   430 | D:1      | Reached XP level 2. HP: 21/22 MP: 0/0
   432 | D:1      | Reached skill level 1 in Fighting
   835 | D:2      | Reached XP level 3. HP: 5/27 MP: 0/0
   835 | D:2      | Learned a level 1 spell: Sandblast
  1331 | D:2      | Found a faded altar of an unknown god.
  1895 | D:2      | Reached skill level 2 in Fighting
  2135 | D:2      | Reached XP level 4. HP: 30/33 MP: 0/0
  3413 | D:3      | Reached XP level 5. HP: 24/40 MP: 0/0
  3413 | D:3      | Learned a level 2 spell: Call Imp
  3746 | D:3      | Reached skill level 3 in Fighting
  4839 | D:4      | Reached skill level 1 in Shields
  4839 | D:4      | Reached XP level 6. HP: 41/47 MP: 0/0
  4842 | D:4      | Identified a scroll of acquirement
  4879 | D:4      | Noticed a black bear
  4883 | D:4      | Killed a black bear
  4884 | D:4      | Reached skill level 4 in Fighting
  5118 | D:4      | Found a staircase to the Ecumenical Temple.
  5132 | Temple   | Entered the Ecumenical Temple
  5138 | Temple   | Became a worshipper of Makhleb the Destroyer
  5896 | D:4      | Reached XP level 7. HP: 47/52 MP: 0/0
  5896 | D:4      | Learned a level 3 spell: Conjure Flame
  5963 | D:4      | Noticed Duvessa
  5963 | D:4      | Noticed Dowan
  6342 | D:4      | Killed Dowan
  6354 | D:5      | Entered Level 5 of the Dungeon
  7109 | D:5      | Found Jeonent's Armour Emporium.
  7828 | D:6      | You are sucked into a shaft and drop 2 floors!
  7851 | D:8      | Noticed Maggie
  7858 | D:8      | Killed Maggie
  7859 | D:8      | Reached skill level 5 in Fighting
  7859 | D:8      | Reached skill level 1 in Armour
  7859 | D:8      | Reached XP level 8. HP: 46/59 MP: 0/0
  8193 | D:8      | Found a sparkling altar of Nemelex Xobeh.
  8234 | D:8      | Noticed a hornet
  8237 | D:8      | Killed a hornet
  8287 | D:8      | Reached * piety under Makhleb
  8288 | D:8      | Reached skill level 5 in Spellcasting
  8406 | D:8      | Reached XP level 9. HP: 43/66 MP: 0/0
  8406 | D:8      | Learned a level 4 spell: Ice Form
  9068 | D:7      | Found a broken altar of Ashenzari.
  9251 | D:6      | Reached skill level 6 in Fighting
  9509 | D:6      | Found a shadowy altar of Dithmenos.
  9772 | D:6      | Reached skill level 5 in Dodging
 10598 | D:6      | Found a blossoming altar of Fedhas.
 10947 | D:7      | Noticed Prince Ribbit
 10952 | D:7      | Killed Prince Ribbit
 11330 | D:7      | Reached skill level 7 in Fighting
 11330 | D:7      | Reached XP level 10. HP: 49/75 MP: 0/0
 11597 | D:7      | Noticed Joseph
 11602 | D:7      | Killed Joseph
 11603 | D:7      | Reached skill level 5 in Armour
 12713 | D:9      | Reached skill level 8 in Fighting
 12713 | D:9      | Noticed a kobold demonologist
 12717 | D:9      | Killed a kobold demonologist
 12871 | D:9      | Noticed Erolcha
 12874 | D:9      | Reached ** piety under Makhleb
 12881 | D:9      | Killed Erolcha
 12882 | D:9      | Reached XP level 11. HP: 57/82 MP: 0/0
 12882 | D:9      | Learned a level 5 spell: Agony
 13284 | D:9      | Reached skill level 9 in Fighting
 13441 | D:9      | Found an ornate altar of the Wu Jian Council.
 14061 | D:10     | Entered Level 10 of the Dungeon
 14176 | D:10     | Noticed an elephant
 14181 | D:10     | Killed an elephant
 14250 | D:10     | Found a staircase to the Lair.
 14353 | Lair:1   | Entered Level 1 of the Lair of Beasts
 14523 | Lair:1   | Noticed an oklob plant
 14569 | Lair:1   | Reached skill level 10 in Fighting
 14676 | Lair:1   | Found a white marble altar of Elyvilon.
 14716 | Lair:1   | Noticed an eight-headed hydra
 14722 | Lair:1   | Noticed a four-headed hydra
 14723 | Lair:1   | Reached *** piety under Makhleb
 15110 | Lair:1   | Killed a four-headed hydra
 15487 | Lair:1   | Killed an eight-headed hydra
 15849 | Lair:2   | Reached XP level 12. HP: 59/93 MP: 0/0
 16125 | Lair:2   | Reached skill level 11 in Fighting
 16416 | Lair:2   | Reached **** piety under Makhleb
 16850 | Lair:2   | Acquired 796 gold pieces
 17425 | Lair:3   | Found a hole to the Spider Nest.
 17974 | Lair:4   | Reached skill level 12 in Fighting
 18025 | Lair:4   | Reached skill level 10 in Spellcasting
 18056 | Lair:4   | Noticed a seven-headed hydra
 18064 | Lair:4   | Killed a seven-headed hydra
 18114 | Lair:4   | Noticed a catoblepas
 18139 | Lair:4   | Found a runed translucent door.
 18181 | Lair:4   | Noticed a boulder beetle
 18185 | Lair:4   | Reached ***** piety under Makhleb
 18186 | Lair:4   | Reached XP level 13. HP: 102/102 MP: 0/0
 18186 | Lair:4   | Learned a level 5 spell: Bolt of Magma
 18191 | Lair:4   | Killed a boulder beetle
 18282 | Lair:4   | Found a staircase to the Swamp.
 18578 | Lair:4   | Noticed an eight-headed hydra
 18581 | Lair:4   | Killed an eight-headed hydra
 18582 | Lair:4   | Reached skill level 13 in Fighting
 18597 | Lair:4   | Noticed Josephine
 18608 | Lair:4   | Killed Josephine
 18614 | Lair:4   | Slain by a cane toad

Illustrated notes

Levels and vault maps discovered:
D:1:      elethiomel_arrival_maze, layout_basic, chequers_serial_rivers_room_b
D:2:      layout_loops_corners, shapermc_ecumenical_altar_totnotflames
D:3:      layout_basic
D:4:      layout_basic, minmay_temple_entry_waves, serial_corexii_hall,
          corexii_hall_statues_u, corexii_hall_statues_x,
          corexii_hall_statues_x, corexii_hall_statues_i, uniq_duvessa
D:5:      layout_gridville, serial_shops,
          nicolae_shop_temple_entry_statues_fountains
D:6:      layout_layer_cave, amcnicky_altar_gilded, fedhas_altar_4,
          minmay_fractal_squares_5
D:7:      layout_basic, marbit_many_paths, uniq_joseph, uniq_prince_ribbit1
D:8:      layout_basic, nemelex_xobeh_ov_fountains_minmay, serial_bayou_pond_a,
          minmay_misc_feat_doors, minmay_misc_feat_square, uniq_maggie
D:9:      layout_loops_ring, lemuel_round_altar, minmay_starry_boxes,
          uniq_erolcha
D:10:     layout_rooms, minitemple, david_lair_generic
Temple:   eino_narrow_crystal_temple
Lair:1:   layout_chaotic_city, basic_altar, grunt_megastairs_3,
          minmay_lair_oklob_chamber
Lair:2:   lemuel_ratsnest, layout_regular_city
Lair:3:   layout_regular_city, spider_nest_entry_a, kennysheep_rathole,
          infiniplex_staircase_pool_2
Lair:4:   gammafunk_lair_enchanted_lake, layout_regular_city, swamp_mist_pool,
          uniq_josephine

Skill      XL: |  1  2  3  4  5  6  7  8  9 10 11 12 13 |
---------------+----------------------------------------+-----
Fighting       | 1 2 3 4 5 7 8 10 12 13 | 13.4
Spellcasting   | 3 4 5 7 8 10 11 | 11.0
Shields        | 1 2 3 4 |  4.0
Armour         | 1 3 4 6 |  6.0
Dodging        | 3 4 5 7 |  7.0
Stealth        | |  1.5

Action                   |  1- 3 |  4- 6 |  7- 9 | 10-12 | 13-15 || total
-------------------------+-------+-------+-------+-------+-------++-------
Melee: Dagger            |       |     6 |       |       |       ||     6
       Whip              |       |    22 |    93 |   140 |       ||   255
       Unarmed           |       |       |     5 |    21 |       ||    26
 Cast: Sting             |    62 |     4 |    10 |    17 |       ||    93
       Poisonous Vapours |     6 |    90 |    82 |   102 |     2 ||   282
       Call Imp          |       |     3 |    27 |     1 |       ||    31
       Ignite Poison     |       |     2 |    14 |    47 |     1 ||    64
       Conjure Flame     |       |       |    12 |       |       ||    12
       Mephitic Cloud    |       |       |     4 |     7 |       ||    11
       Ice Form          |       |       |     1 |     1 |       ||     2
       Olgreb's Toxic Ra |       |       |       |    35 |       ||    35
       Bolt of Magma     |       |       |       |       |    18 ||    18
  Use: Scroll            |       |     9 |     4 |     2 |       ||    15
 Stab: Distracted        |       |       |     1 |       |       ||     1
       Sleeping          |       |       |     1 |     1 |       ||     2
       Confused          |       |       |       |     1 |       ||     1
Armor: Robe              |     5 |     9 |    18 |    21 |     1 ||    54
       Skin              |       |       |     2 |       |       ||     2
Dodge: Dodged            |    12 |    19 |    74 |   148 |     1 ||   254
Block: Buckler           |       |     3 |    33 |   126 |     4 ||   166
       Other             |       |       |       |     7 |       ||     7
       Reflection        |       |       |       |     5 |       ||     5

Table legend: (Time is in decaauts)
 A = Elapsed time spent in this place.
 B = Non-inter-level travel time spent in this place.
 C = Inter-level travel time spent in this place.
 D = Time resting spent in this place.
 E = Time spent auto-exploring this place.
 F = Levels seen in this place.
 G = Mean time per level.
                   A        B        C        D        E       F      G
               +--------+--------+--------+--------+--------+-----+--------+
         Total |  18652 |  18224 |    428 |    292 |  15956 |  15 | 1243.5 |
       Dungeon |  14365 |  14012 |    353 |    292 |  12243 |  10 | 1436.5 |
        Temple |     12 |      7 |      5 |      0 |      0 |   1 |   12.0 |
          Lair |   4274 |   4204 |     70 |      0 |   3713 |   4 | 1068.5 |
               +--------+--------+--------+--------+--------+-----+--------+

Top non-repeatable levels by time:
     D:3: 2134 daAuts
     D:6: 1969 daAuts
     D:8: 1795 daAuts
     D:2: 1614 daAuts
  Lair:1: 1428 daAuts
     D:9: 1395 daAuts
     D:4: 1334 daAuts
     D:7: 1303 daAuts
     D:5: 1288 daAuts
  Lair:2: 1262 daAuts
     D:1: 1260 daAuts
  Lair:3: 858 daAuts
  Lair:4: 724 daAuts
    D:10: 268 daAuts
  Temple: 12 daAuts
